 Dungeon Crawl Stone Soup version 0.21.1-1-g345015fe64 (webtiles) character file.

133 Ivernyr the Charmwright (level 4, -7/34 HPs)
             Began as a Demonspawn Skald on Apr 29, 2018.
             Killed from afar by an orc wizard (11 damage)
             ... with a magic dart
             ... on level 3 of the Dungeon.
             The game lasted 00:06:48 (2908 turns).

Ivernyr the Charmwright (Demonspawn Skald)          Turns: 2908, Time: 00:06:49

Health: -7/34      AC:  6    Str: 11    XL:     4   Next: 93%
Magic:  4/7        EV: 12    Int: 14    God:
Gold:   189        SH:  0    Dex: 14    Spells: 2/7 levels left

rFire    . . .     SeeInvis .   a - +0 dagger
rCold    . . .     Gourm    .   (no shield)
rNeg     + . .     Faith    .   b - +2 robe {rN+}
rPois    .         Spirit   .   (no helmet)
rElec    .         Reflect  .   (no cloak)
rCorr    .         Harm     .   r - +0 pair of gloves
MR       .....                  o - +0 pair of boots
Stlth    +++.......             (no amulet)
HPRegen  0.11/turn              (no ring)
MPRegen  0.10/turn              (no ring)

@: lethally poisoned (-7 -> -24), shrouded (expiring), very slightly
contaminated, slowed, very slow
A: nightstalker 1, spiny 1
a: no special abilities


You were on level 3 of the Dungeon.
You were very hungry.

You visited 1 branch of the dungeon, and saw 4 of its levels.

You collected 189 gold pieces.

Inventory:

Hand Weapons
 a - a +0 dagger (weapon)
Armour
 b - a +2 robe of positive energy (worn)
 o - a +0 pair of boots (worn)
 r - a +0 pair of gloves (worn)
Jewellery
 n - a +5 amulet of reflection {unknown}
Scrolls
 g - 4 scrolls of identify {unknown}
 h - 2 scrolls of enchant weapon {unknown}
 i - a scroll of remove curse {unknown}
 l - 3 scrolls of enchant armour {unknown}
 t - a scroll of magic mapping {unknown}
Potions
 e - 3 potions of agility {unknown}
 f - 3 potions of curing {unknown}
 j - a potion of cancellation {unknown}
 k - a potion of lignification {unknown}
 p - a potion of berserk rage {unknown}
 q - 2 potions of haste {unknown}
 s - a potion of brilliance {unknown}
Books
 c - a book of Battle

   Spells                             Type                      Level
   a - Infusion                       Charms                       1
   b - Shroud of Golubria             Charms/Translocation         2
   c - Song of Slaying                Charms                       2
   d - Spectral Weapon                Hexes/Charms                 3
   e - Regeneration                   Charms/Necromancy            3
 m - a book of Minor Magic

   Spells                             Type                      Level
   a - Magic Dart                     Conjuration                  1
   b - Blink                          Translocation                2
   c - Call Imp                       Summoning                    2
   d - Slow                           Hexes                        2
   e - Conjure Flame                  Conjuration/Fire             3
   f - Mephitic Cloud                 Conjuration/Poison/Air       3
Comestibles
 d - 9 rations


   Skills:
 + Level 2.8 Fighting
 + Level 0.0(1.1) Short Blades
   Level 1.9 Long Blades
 - Level 2.1 Armour
 - Level 1.7 Dodging
 * Level 2.5 Stealth
 - Level 2.0 Spellcasting
 + Level 3.2 Charms


You had 2 spell levels left.
You knew the following spells:

 Your Spells              Type           Power        Failure   Level  Hunger
a - Shroud of Golubria    Chrm/Tloc      #.........   19%         2    ###....
b - Song of Slaying       Chrm           ##......     10%         2    ###....
c - Infusion              Chrm           ##..         6%          1    ##.....


Dungeon Overview and Level Annotations

Branches:
Dungeon (4/15)
 Temple: D:4-7

Altars:
Gozag
Okawaru


Innate Abilities, Weirdness & Mutations

You are slightly more attuned to the shadows.
You are partially covered in sharp spines.


Message History

You barely miss the orc wizard.
The orc wizard is severely wounded.
* * * LOW HITPOINT WARNING * * *
You feel very sick. The orc wizard barely misses you.
You closely miss the orc wizard.
The orc wizard is severely wounded.
Your shroud begins to fray at the edges.
* * * LOW HITPOINT WARNING * * *
You feel sick.
The orc wizard is struck by your spines.
The orc wizard hits you but does no damage.
Your shroud bends the orc wizard's attack away.
You closely miss the orc wizard.
The orc wizard is almost dead.
* * * LOW HITPOINT WARNING * * *
You feel sick.
The orc wizard gestures at you while chanting.
The magic dart hits you!
You die...

##.#......#.......#####.# #..#
#.###.##.###..##.......###..###
#.....##.###.#########.........
###....##.....### #..##..###
#...##..........## ##...÷.#
#.#####.......#..## ###..##.#
##.# ##.....#......# ##....##.#
#..###...<......o..###..##.##.#
..###...........@......###..#.#
#.........(.............###.#.###
#####............................
#..........................##
#####................#..###......
...###.............#.##.# #†.....
...####.....#.....##.##.# #......
........#########....##.###...[..
....##### #....##..#######†


You could see an orc wizard.

Vanquished Creatures
  4 adders
  3 gnolls (D:3)
  A worm (D:2)
  2 dart slugs (D:2)
  4 leopard geckos
  9 bats
  3 giant cockroaches
  4 goblins (D:2)
  10 hobgoblins
  6 jackals
  A kobold (D:2)
  3 ball pythons
  3 frilled lizards
  4 rats
57 creatures vanquished.

Notes
Turn   | Place    | Note
-------+----------+-------------------------------------------
     0 | D:1      | Ivernyr the Demonspawn Skald began the quest for the Orb.
     0 | D:1      | Reached XP level 1. HP: 16/16 MP: 3/3
    78 | D:1      | Reached skill level 1 in Armour
   489 | D:1      | Gained mutation: You are slightly more attuned to the shadows. [demonic ancestry]
   489 | D:1      | Reached XP level 2. HP: 21/22 MP: 5/5
   892 | D:1      | Learned a level 2 spell: Song of Slaying
   895 | D:1      | Learned a level 2 spell: Shroud of Golubria
  1108 | D:2      | Reached skill level 1 in Stealth
  1208 | D:2      | Reached XP level 3. HP: 28/28 MP: 6/6
  1291 | D:2      | Reached skill level 3 in Charms
  1837 | D:2      | Gained mutation: You are partially covered in sharp spines. [demonic ancestry]
  1837 | D:2      | Reached XP level 4. HP: 34/34 MP: 5/7
  2574 | D:3      | Found an opulent altar of Gozag.
  2796 | D:4      | Found an iron altar of Okawaru.
  2908 | D:3      | Killed from afar by an orc wizard

Skill      XL: |  1  2  3  4 |
---------------+-------------+-----
Armour         | 1 2 |  2.1
Stealth        | 1 2 |  2.5
Charms         | 3 |  3.2
Fighting       | |  2.8
Long Blades    | |  1.9
Dodging        | |  1.7
Spellcasting   | |  2.0

Action                   |  1- 3 |  4- 6 || total
-------------------------+-------+-------++-------
Melee: Falchion          |   153 |       ||   153
       Dagger            |    14 |    36 ||    50
 Cast: Infusion          |     1 |       ||     1
       Shroud of Golubri |     4 |     2 ||     6
 Stab: Sleeping          |     6 |     4 ||    10
  Eat: Chunk             |     4 |     2 ||     6
Armor: Leather armour    |    27 |       ||    27
       Robe              |    23 |    14 ||    37
Dodge: Dodged            |   114 |    21 ||   135
       Rpst.: Falchion   |    29 |       ||    29
